 Dungeon Crawl Stone Soup version 0.26-a0-652-gafc20e3620 (webtiles) character file.

Game seed: 6739819033731094443

336 DoubleLucky the Grave Robber (level 6, 0/41 HPs)
             Began as a Vampire Necromancer on Oct 4, 2020.
             Slain by a ball python (1 damage)
             ... in a sewer.
             The game lasted 00:15:43 (3267 turns).

DoubleLucky the Grave Robber (Vampire Necromancer)  Turns: 3267, Time: 00:15:44

Health: 0/41       AC:  4    Str:  7    XL:     6   Next: 28%
Magic:  1/12       EV: 10    Int: 19    God:
Gold:   180        SH:  0    Dex: 15    Spells: 8/13 levels left

rFire    . . .     SeeInvis +   w - +1 whip (venom)
rCold    . . .     Faith    .   (no shield)
rNeg     . . .     Spirit   .   a - +0 robe
rPois    .         Reflect  .   x - +0 helmet
rElec    .         Harm     .   (no cloak)
rCorr    .         Rampage  .   (no gloves)
MR       .....                  f - +0 pair of boots
Stlth    ++........             (no amulet)
HPRegen  0.33/turn              (no ring)
MPRegen  0.13/turn              (no ring)

@: regenerating quickly, constricted
A: fangs 3, see invisible, unbreathing
a: Exsanguinate


You were in a sewer.
You visited 1 branch of the dungeon, and saw 3 of its levels.
You also visited: Sewer.

You collected 180 gold pieces.

Inventory:

Hand Weapons
 b - a +0 dagger
 w - a +1 whip of venom (weapon)
Missiles
 c - 7 atropa-tipped darts
 h - 31 poisoned darts (quivered)
 p - 41 stones
Armour
 a - a +0 robe (worn)
 f - a +0 pair of boots (worn)
 q - a +0 leather armour
 x - a +0 helmet (worn)
Jewellery
 n - a +6 ring of strength {unknown}
Wands
 g - a wand of paralysis (8)
Scrolls
 e - a scroll of enchant armour {unknown}
 k - a scroll of identify
 l - a scroll of fear
 m - 2 scrolls of teleportation {unknown}
 v - 3 scrolls of blinking
 y - a scroll of magic mapping {unknown}
Potions
 d - a potion of cancellation {unknown}
 i - a potion of curing {unknown}
 j - 3 potions of haste
 o - a potion of resistance {unknown}
 r - 2 potions of lignification
 s - 5 potions of brilliance
 t - a potion of heal wounds {unknown}
 u - 3 potions of magic {unknown}


   Skills:
 - Level 2.5 Dodging
 - Level 3.6 Stealth
 + Level 4.4 Spellcasting
 + Level 6.5 Necromancy


You had 8 spell levels left.
You knew the following spells:

 Your Spells              Type           Power        Failure   Level
a - Pain                  Necr           ####         1%          1
b - Animate Skeleton      Necr           ####..       1%          1
c - Vampiric Draining     Necr           ####......   2%          3

Your spell library contained the following spells:

 Spells                   Type           Power        Failure   Level
 Animate Dead             Necr           ####......   9%          4
 Agony                    Necr           ####....     26%         5


Dungeon Overview and Level Annotations

Branches:
Dungeon (3/15)              Sewer (1/1)

Altars:
Vehumet

Annotations:
D:3 exclusion: orc priest


Innate Abilities, Weirdness & Mutations

Your natural rate of healing is unusually fast.
You have razor-sharp teeth.
You have supernaturally acute eyesight. (SInv)
You can survive without breathing.


Message History

The bullfrog barely misses you. The ball python barely misses you.
The ball python constricts you.
The ball python bites you but does no damage.
You closely miss the ball python.
You bite the ball python, but do no damage.
The bullfrog hits you but does no damage.
The ball python misses you. The ball python constricts you.
The bullfrog hits you!
* * * LOW HITPOINT WARNING * * *
The ball python bites you.
* * * LOW HITPOINT WARNING * * *
Casting: Pain (safe; 1% risk of failure)
Confirm with . or Enter, or press ? or * to list all spells.
Aiming: Pain (safe; 1% risk of failure)
Press: ? - help, Shift-Dir - straight line, f - ball python
Aim: a ball python (water, constricting you, chance to defeat MR: 93%)
The ball python barely resists.
The bullfrog hits you.
* * * LOW HITPOINT WARNING * * *
The ball python bites you.
You die...

##...≈.#
##≈.≈≈
#≈≈≈≈≈≈#
#≈≈≈≈≈
#≈≈≈≈≈≈#
#≈≈≈≈≈
#≈≈≈≈≈≈#
#≈≈≈≈≈
#≈≈≈≈≈≈#
#≈≈≈≈≈
#≈#≈≈≈≈#
#≈≈≈≈≈
#≈J#≈≈≈#
#≈≈≈≈≈
#SSF≈≈≈#
#≈≈≈≈≈
#≈@≈≈≈≈#
#≈.≈†.
#≈≈≈≈≈≈#
#≈≈...
#≈#≈≈≈≈#
#≈≈≈.≈
#≈≈≈≈≈≈#
#≈†≈≈≈
#≈≈≈≈≈≈#
#≈≈≈≈≈
#≈≈≈≈≈≈#
#≈≈≈≈≈
#≈≈≈≈≈≈#
#≈≈≈≈≈
#≈≈≈≈≈≈#####
#≈≈≈†≈
##≈...###..#
##≈≈..


You could see a bullfrog, an ooze and 2 ball pythons.

Vanquished Creatures
  A bullfrog (Sewer)
  Robin (D:2)
  12 adders
  5 river rats (Sewer)
  2 oozes
  3 worms
  A dart slug (D:1)
  2 leopard geckos
  A giant cockroach (D:1)
  13 goblins
  11 hobgoblins
  2 jackals (D:2)
  13 ball pythons
  3 bats
  4 frilled lizards
  4 kobolds
  28 rats
106 creatures vanquished.

Vanquished Creatures (others)
  2 plants (D:2)
2 creatures vanquished.

Grand Total: 108 creatures vanquished

Notes
Turn   | Place    | Note
-------+----------+-------------------------------------------
     0 | D:1      | DoubleLucky the Vampire Necromancer began the quest for the
                  | Orb.
     0 | D:1      | Reached XP level 1. HP: 13/13 MP: 3/3
   207 | D:1      | Reached XP level 2. HP: 15/19 MP: 0/5
   663 | D:1      | Learned a level 1 spell: Animate Skeleton
   970 | D:2      | Reached XP level 3. HP: 8/24 MP: 0/6
  1266 | D:2      | Reached skill level 5 in Necromancy
  1354 | D:2      | Reached XP level 4. HP: 28/30 MP: 1/8
  1446 | D:2      | Found a radiant altar of Vehumet.
  1792 | D:2      | Noticed Robin
  1805 | D:2      | Killed Robin
  1931 | D:2      | Learned a level 3 spell: Vampiric Draining
  2384 | D:3      | Found a glowing drain.
  2530 | Sewer    | Entered a sewer
  2548 | Sewer    | Reached XP level 5. HP: 35/35 MP: 7/10
  2930 | Sewer    | Reached skill level 6 in Necromancy
  3260 | Sewer    | Reached XP level 6. HP: 24/41 MP: 1/12
  3267 | Sewer    | HP: 1/41 [bullfrog (3)]
  3267 | Sewer    | Slain by a ball python

Illustrated notes

Levels and vault maps discovered:
D:1:      minmay_arrival_checkered_box, layout_rooms
D:2:      layout_rooms, nicolae_overflow_crystal_walls,
          minmay_shallow_snake_nest, uniq_robin
D:3:      layout_basic, cheibrodos_sewer_entry_sluice,
          chequers_ecumenical_altar_simple_redux
Sewer:    sewer_minmay_w

Skill      XL: |  1  2  3  4  5 |
---------------+----------------+-----
Necromancy     | 5 6 |  6.5
Spellcasting   | 3 4 |  4.4
Dodging        | |  2.5
Stealth        | |  3.6

Action                   |  1- 3 |  4- 6 || total
-------------------------+-------+-------++-------
Melee: Dagger            |    39 |    16 ||    55
       Bite              |     2 |     2 ||     4
       Whip              |       |    25 ||    25
Throw: Dart              |    32 |   120 ||   152
 Cast: Pain              |    52 |    91 ||   143
  Use: Scroll            |       |     9 ||     9
Armor: Robe              |     6 |    25 ||    31
Dodge: Dodged            |    39 |    91 ||   130

Table legend: (Time is in decaauts)
 A = Elapsed time spent in this place.
 B = Non-inter-level travel time spent in this place.
 C = Inter-level travel time spent in this place.
 D = Time resting spent in this place.
 E = Time spent auto-exploring this place.
 F = Levels seen in this place.
 G = Mean time per level.
                   A        B        C        D        E       F      G
               +--------+--------+--------+--------+--------+-----+--------+
         Total |   3326 |   3186 |    140 |    475 |   1628 |   4 |  831.5 |
       Dungeon |   2533 |   2393 |    140 |    229 |   1446 |   3 |  844.3 |
         Sewer |    793 |    793 |      0 |    246 |    181 |   1 |  793.0 |
               +--------+--------+--------+--------+--------+-----+--------+

Top non-repeatable levels by time:
     D:1: 1133 daAuts
     D:2: 1001 daAuts
   Sewer: 793 daAuts
     D:3: 398 daAuts
